 Dungeon Crawl Stone Soup version 0.17-b1-22-g5359643 (webtiles) character file.

253 Banto the Sneak (level 6, -9/37 HPs)
             Began as a Halfling Artificer on Nov 5, 2015.
             Killed themself with a badly aimed fireball (12 damage)
             ... on level 3 of the Dungeon.
             The game lasted 00:05:07 (3603 turns).

Banto the Sneak (Halfling Artificer)                Turns: 3603, Time: 00:05:07

Health: -9/37      AC:  3    Str: 11    XL:     6   Next: 37%
Magic:  8/8        EV: 15    Int: 11    God:
Gold:   92         SH:  0    Dex: 17    Spells: 0 memorised, 5 levels left

rFire  . . .     SeeInvis .     a - +2 dagger (venom)
rCold  . . .     Clarity  .     b - +0 leather armour
rNeg   . . .     SustAt   .     (shield restricted)
rPois  .         Gourm    .     (no helmet)
rElec  .         Spirit   .     (no cloak)
rCorr  .         Warding  .     (no gloves)
rMut   .         Stasis   .     (no boots)
MR     .....                    (no amulet)
Stlth  +++.......               (no ring)
                                (no ring)

@: not resistant to hostile enchantments, fairly stealthy
A: mutation resistance 1
a: no special abilities


You were on level 3 of the Dungeon.
You were not hungry.

You visited 1 branch of the dungeon, and saw 3 of its levels.

You collected 92 gold pieces.

Inventory:

Hand Weapons
 a - a +2 dagger of venom (weapon)
Missiles
 h - 13 poisoned needles
Armour
 b - a +0 leather armour (worn)
Wands
 c - a wand of flame (11)
 d - a wand of enslavement (14)
 e - a wand of random effects (3)
Scrolls
 g - a scroll of magic mapping
 i - a scroll of teleportation
 n - a scroll of remove curse
 s - a scroll of blinking {unknown}
Potions
 k - a potion of ambrosia
 l - 3 potions of resistance
 m - a potion of lignification {unknown}
 o - 2 potions of brilliance {unknown}
 p - a potion of might {unknown}
 r - 2 potions of curing {unknown}
 t - a potion of agility {unknown}
Comestibles
 f - 6 bread rations
 j - 3 fruits
 q - a meat ration


   Skills:
 - Level 0.8 Fighting
 - Level 5.0 Short Blades
 + Level 2.9 Dodging
 + Level 5.1 Stealth
 - Level 3.0 Evocations


You had 5 spell levels left.
You didn't know any spells.

Dungeon Overview and Level Annotations

Branches:
Dungeon (3/15)

Altars:
Ashenzari
Cheibriados
Vehumet


Innate Abilities, Weirdness & Mutations

You are small and have problems with some larger weapons.
You are somewhat resistant to further mutation.


Message History

Evoke which item? (* to show all) (? for menu, Esc to quit)
Zapping:
e - a wand of random effects (5)
Press: ? - help, Shift-Dir - straight line, f/p - gnoll
Aim: a gnoll The puff of flame hits the gnoll.
The gnoll is severely wounded.
This wand has 4 charges left.
Evoke which item? (* to show all) (? for menu, Esc to quit)
Zapping:
e - a wand of random effects (4)
Press: ? - help, Shift-Dir - straight line, f/p - gnoll
Aim: a gnoll (severely wounded)
The rock shatters into small pieces.
This wand has 3 charges left.
Evoke which item? (* to show all) (? for menu, Esc to quit)
Zapping:
e - a wand of random effects (3)
Press: ? - help, Shift-Dir - straight line, f/p - gnoll
Aim: a gnoll (severely wounded)
The fireball explodes!
The fireball engulfs the gnoll.
You kill the gnoll!
The fireball engulfs you!
You die...

........###....#_#....##.#.## #.
##.####.# #....#'#........<# ##
##.####.########.######...## #
........#....[).....# #...# #
##.######(.#####....# #...# #
##.....##..# #.##.#.....##### #
##.........# #.##......)....###
##......?..# #.)).....<........
##>......).#####@##...........###
............)....##.###...#####
######.#<#).#.......# #...# .#
#.#[........#### #...# .#
#.####.###### #...# .## #.####.#
##.## ..####....o.# #.########
..#.).....#.# ###.#......#
..#†#####.#.# #.......##.#


There were no monsters in sight!

Vanquished Creatures
  2 orc wizards (D:3)
  An iguana (D:3)
  5 adders
  2 gnolls (D:3)
  2 oozes
  2 worms (D:2)
  2 giant geckos
  9 orcs (D:3)
  2 ball pythons
  9 bats
  6 giant cockroaches
  11 hobgoblins
  A quokka (D:2)
  4 giant newts
  6 goblins
  6 kobolds
  11 rats
81 creatures vanquished.

Vanquished Creatures (others)
  A gnoll (D:3)
1 creature vanquished.

Grand Total: 82 creatures vanquished

Notes
Turn   | Place    | Note
--------------------------------------------------------------
     0 | D:1      | Banto the Halfling Artificer began the quest for the Orb.
     0 | D:1      | Reached XP level 1. HP: 12/12 MP: 3/3
    75 | D:1      | Reached XP level 2. HP: 18/18 MP: 4/4
   349 | D:1      | Reached XP level 3. HP: 22/22 MP: 5/5
  1729 | D:2      | Reached XP level 4. HP: 22/27 MP: 6/6
  2445 | D:3      | Reached skill level 4 in Short Blades
  2445 | D:3      | Reached XP level 5. HP: 32/32 MP: 7/7
  2462 | D:3      | Found a shattered altar of Ashenzari.
  2659 | D:3      | HP: 1/32 [shot self (9)]
  3091 | D:3      | Found a snail-covered altar of Cheibriados.
  3426 | D:3      | Found a radiant altar of Vehumet.
  3532 | D:3      | Reached skill level 5 in Short Blades
  3532 | D:3      | Reached XP level 6. HP: 33/37 MP: 8/8
  3550 | D:3      | Reached skill level 5 in Stealth
  3603 | D:3      | Killed themself with a badly aimed fireball

Action                   |  1- 3 |  4- 6 || total
-------------------------+-------+-------++-------
Melee: Short sword       |   140 |   127 ||   267
       Dagger            |       |    57 ||    57
Evoke: Wand              |     1 |    16 ||    17
  Use: Scroll            |       |     6 ||     6
 Stab: Sleeping          |     9 |     8 ||    17
       Distracted        |       |     2 ||     2
  Eat: Chunk             |     2 |     7 ||     9
